 Dungeon Crawl Stone Soup version 0.28.0-53-g5a82cb258f (webtiles) character file.

Game seed: 1823970446989741494

5 bnorton916 the Firebug (level 1, 0/10 HPs)
             Began as a Deep Elf Fire Elementalist on June 8, 2022.
             Slain by a kobold
             ... wielding a +2 dagger of venom
              (3 damage)
             ... on level 1 of the Dungeon.
             The game lasted 00:00:13 (380 turns).

bnorton916 the Firebug (Deep Elf Fire Elementalist)  Turns: 380, Time: 00:00:15

Health: 0/10       AC:  2    Str:  5    XL:     1   Next: 66%
Magic:  3/6        EV: 12    Int: 19    God:
Gold:   7          SH:  0    Dex: 15    Spells: 5/6 levels left

rFire   . . .      SeeInvis .   (no weapon)
rCold   . . .      Faith    .   (no shield)
rNeg    . . .      Spirit   .   a - +0 robe
rPois   .          Reflect  .   (no helmet)
rElec   .          Harm     .   (no cloak)
rCorr   .          Rampage  .   (no gloves)
Will    .....                   (no boots)
Stlth   ++........              (no amulet)
HPRegen 0.03/turn               (no ring)
MPRegen 0.10/turn               (no ring)

@: lethally poisoned (0 -> -7)
A: no striking features
a: no special abilities


You were on level 1 of the Dungeon.
You visited 1 branch of the dungeon, and saw 1 of its levels.

You collected 7 gold pieces.

Inventory:

Missiles
 c - 30 stones
Armour
 a - a +0 robe (worn)
Scrolls
 b - 3 scrolls of identify {unknown}
Potions
 d - a potion of heal wounds {unknown}
 e - a potion of ambrosia {unknown}
 f - a potion of brilliance {unknown}


   Skills:
 - Level 2.4 Dodging
 - Level 2.4 Stealth
 + Level 3.2 Spellcasting
 + Level 1.4 Conjurations
 + Level 3.4 Fire Magic


You had 5 spell levels left.
You knew the following spells:

 Your Spells              Type           Power      Damage    Failure   Level
a - Foxfire               Conj/Fire      48%        2x1d6     5%          1

Your spell library contained the following spells:

 Spells                   Type           Power      Damage    Failure   Level
 Scorch                   Fire           32%        2d6       5%          2
 Summon Small Mammal      Summ           12%        N/A       16%         1
 Conjure Flame            Conj/Fire      12%        6-21      17%         3
 Inner Flame              Hex/Fire       9%         N/A       22%         3
 Call Canine Familiar     Summ           3%         N/A       41%         3
 Summon Guardian Golem    Hex/Summ       3%         N/A       41%         3
 Flame Wave               Conj/Fire      12%        2d6       50%         4


Dungeon Overview and Level Annotations

Branches:
Dungeon (1/15)

Altars:


Message History

You conjure some foxfire!
Your foxfire dissipates! x2
Casting: Foxfire (safe; 5% risk of failure)
Confirm with . or Enter, or press ? or * to list all spells.
You conjure some foxfire!
Your foxfire dissipates!
Your foxfire dissipates!
Your foxfire dissipates!
Your foxfire dissipates!
You see here a bat corpse.
You now have 7 gold pieces.
b - 3 scrolls labelled TETANE GYWUSM (gained 1)
You open the door.
There is an open door here.
A kobold comes into view. It is wielding a +2 dagger of venom.
The kobold shouts!
A kobold is nearby!
A kobold is nearby!
A kobold is nearby!
A kobold is nearby!
Casting: Foxfire (safe; 5% risk of failure)
Confirm with . or Enter, or press ? or * to list all spells.
You conjure some foxfire!
The foxfire hits the kobold but does no damage. x2
Casting: Foxfire (safe; 5% risk of failure)
Confirm with . or Enter, or press ? or * to list all spells.
You conjure some foxfire!
The kobold hits you with a +2 dagger of venom.
You are lethally poisoned!
You feel very sick.
The foxfire hits the kobold.
The kobold is moderately wounded.
The kobold barely misses you.
Casting: Foxfire (safe; 5% risk of failure)
Confirm with . or Enter, or press ? or * to list all spells.
You conjure some foxfire!
* * * LOW HITPOINT WARNING * * *
You feel sick.
The kobold hits you with a +2 dagger of venom.
You die...

..# #....# ..#
####.# ### ..#
#.# ..# #.# #.#
#.# #.# #.#
#.##### ###.#
#.#...
#...#####ยง#v#.#
###.#......v@...#
#...#.#####v#K###
#.#...# #.#.#
#.#.### #...#
#...# #.### #####
#.# ###


You could see a kobold (ally target).

Vanquished Creatures
  A kobold (D:1)
  A quokka (D:1)
  2 bats (D:1)
  A frilled lizard (D:1)
5 creatures vanquished.

Vanquished Creatures (others)
  39 foxfires (D:1)
39 creatures vanquished.

Grand Total: 44 creatures vanquished

Notes
Turn   | Place    | Note
-------+----------+-------------------------------------------
     0 | D:1      | bnorton916 the Deep Elf Fire Elementalist began the quest
                  | for the Orb.
     0 | D:1      | Reached XP level 1. HP: 10/10 MP: 6/6
   380 | D:1      | Slain by a kobold

Illustrated notes

Levels and vault maps discovered:
D:1:      ebering_trefoil_3fold, layout_basic, corexii_item_surrounded_by_moat

Action                   || total
-------------------------++-------
 Cast: Foxfire           ||    23
Dodge: Dodged            ||     1
